AoeStats
← viktor_uebelhart

Four Lakes

509159804Analyzed
1v1 RM · 6d ago on Sep 25, 2026· 29m 49s· 2 players
Game mode
Random Map
Map size
Tiny (2 player)
Population
200
Speed
Normal
Resources
Standard
Victory
Conquest
Starting age
Dark Age
Ending age
Imperial Age
RankedLock teamsTeams togetherTeam positionsShared explorationLock speedFull tech treeHidden civsTurbo modeCheats
Victory
Defeat
🇸🇪 Japanese · Sweden
993
+15
🇧🇷 Magyars · Brazil
973
-15
viktor_uebelhart
7:01 Loom
8:24 Loom
10:10 Feudal Age
11:22 Double-Bit Axe
22:12 Castle Age
22:19 Horse Collar
22:33 Gold Mining
24:30 Bow Saw
25:40 Scale Barding Armor
28:39 Chain Barding Armor
BadPaprika97307
4:37 Loom
10:03 Feudal Age
10:38 Man-at-Arms
12:50 Scale Mail Armor
13:28 Arson
13:51 Fishing Lines
13:57 Horse Collar
15:52 Double-Bit Axe
21:01 Castle Age
19:32 Stone Mining
20:55 Forging
20:35 Fletching
21:18 Horse Collar
21:43 Gillnets
22:45 Gold Mining
23:56 Squires
23:43 Gambesons
24:14 Chain Mail Armor
23:50 Fletching
24:20 Bow Saw
26:30 Iron Casting
Connection lost

Rejoining the realm…

Still unreachable

The connection could not be restored.

Session expired

The server has moved on; the page needs a fresh start.